 Dungeon Crawl Stone Soup version 0.28.0-1-gb440e238dd (webtiles) character file.

Game seed: 629794005242287102

1153 issech the Cudgeller (level 8, -4/79 HPs)
             Began as a Troll Monk on Feb 24, 2022.
             Killed by divine providence
             ... invoked by an orc priest
              (14 damage)
             ... on level 6 of the Dungeon.
             The game lasted 00:21:10 (5703 turns).

issech the Cudgeller (Troll Monk)                   Turns: 5703, Time: 00:21:10

Health: -4/79      AC:  4    Str: 20    XL:     8   Next: 16%
Magic:  7/7        EV: 11    Int:  6    God:
Gold:   229        SH:  0    Dex: 14    Spells: 7/7 levels left

rFire   . . .      SeeInvis .   A - +1 flail (protect)
rCold   . . .      Faith    .   (no shield)
rNeg    . . .      Spirit   .   b - +0 robe
rPois   .          Reflect  .   (helmet restricted)
rElec   .          Harm     .   (no cloak)
rCorr   .          Rampage  .   (gloves unavailable)
Will    .....                   (boots unavailable)
Stlth   ++........              (no amulet)
HPRegen 1.03/turn               (no ring)
MPRegen 0.10/turn               (no ring)

@: no status effects
A: large, unfitting armour, claws 3, regeneration 1, shaggy fur 1, tough skin 1
a: no special abilities


You were on level 6 of the Dungeon.
You visited 1 branch of the dungeon, and saw 6 of its levels.

You collected 229 gold pieces.

Inventory:

Hand Weapons
 d - a +2 spear of freezing
 r - a +2 hunting sling of freezing
 t - a +0 hand crossbow
 u - a +0 giant club
 A - a +1 flail of protection (weapon)
Missiles
 c - 175 stones (quivered)
 e - 29 arrows
 j - 79 bolts
 m - 20 poisoned darts
 y - 5 atropa-tipped darts
 B - 21 sling bullets
Armour
 b - a +0 robe (worn)
Jewellery
 q - an amulet of guardian spirit
Wands
 w - a wand of iceblast (3)
Scrolls
 f - a scroll of fear {unknown}
 h - a scroll of fog {unknown}
 i - 2 scrolls of immolation {unknown}
 o - a scroll of teleportation
 v - a scroll of vulnerability
 E - a scroll of enchant weapon {unknown}
Potions
 a - a potion of might {unknown}
 g - 2 potions of invisibility {unknown}
 k - a potion of magic {unknown}
 l - a potion of resistance {unknown}
 n - 2 potions of heal wounds {unknown}
 p - a potion of lignification {unknown}
 s - a potion of curing {unknown}
 x - a potion of degeneration {unknown}
 z - a potion of ambrosia {unknown}
 C - 2 potions of flight {unknown}
 D - 2 potions of berserk rage {unknown}


   Skills:
 + Level 4.4 Fighting
 + Level 6.5 Maces & Flails
 + Level 0.4 Throwing
 + Level 4.6 Dodging
 + Level 1.9 Stealth


You had 7 spell levels left.
You didn't know any spells.
Your spell library contained the following spells:

 Spells                   Type           Power      Damage    Failure   Level
 Blink                    Tloc           0%         N/A       58%         2
 Manifold Assault         Tloc           0%         N/A       100%        5
 Storm Form               Tmut/Air       0%         N/A       100%        7


Dungeon Overview and Level Annotations

Branches:
Dungeon (6/15)
 Temple: D:4-7

Altars:
Uskayaw
Zin

Shops:
D:5 *

Annotations:
D:6 4 runed translucent doors


Innate Abilities, Weirdness & Mutations

You are too large for most types of armour.
You have claws for hands.
Your natural rate of healing is unusually fast.
You are covered in fur. (AC +1)
You have tough skin. (AC +1)


Message History

The orc priest hits you with a +0 mace.
An orc comes into view. It is wielding a +4 dagger.
The orc warrior hits you from afar with a +0 trident.
* * * LOW HITPOINT WARNING * * *
You hit the orc priest.
The orc priest is moderately wounded.
The orc priest closely misses you.
The orc warrior hits you from afar with a +0 trident.
* * * LOW HITPOINT WARNING * * *
You completely miss the orc priest.
The orc priest is moderately wounded.
The orc priest barely misses you.
The orc priest calls upon Beogh to heal the orc warrior.
The orc warrior is healed somewhat.
The orc warrior barely misses you.
The orc priest mumbles some strange prayers to Beogh against you.
Beogh smites you!
* * * LOW HITPOINT WARNING * * *
Unknown command.
You hit the orc priest.
The orc priest is severely wounded.
The orc misses you.
The orc warrior hits you from afar with a +0 trident.
* * * LOW HITPOINT WARNING * * *
The orc misses you. The orc priest barely misses you.
You hit the orc priest.
You kill the orc priest!
The orc closely misses you. The orc hits you but does no damage.
The orc warrior hits you but does no damage.
The orc hits you but does no damage. The orc hits you with a +4 dagger.
* * * LOW HITPOINT WARNING * * *
The orc barely misses you.
Things that are here:
a +0 mace; a +0 ring mail; an orc corpse The orc hits you but does no damage.
An orc comes into view. It is wielding a +0 club.
The orc hits you but does no damage.
The orc priest calls down the wrath of Beogh upon you.
Beogh smites you!
You die...

#..## #### # #..#
#.o# #.o# ## ##o#
##.#o #..## #...#
#o..###'# #'###
#o...[..# #o...
#@####.## ##...
#.o....# #..#
#.####.+) .T+..#
#......+.
^...+o##
#.####.#8....8#.#
#.#### 8[$8##.#
#....# #### ..#
#######.##.# ...
..
##.......##.#...


You could see an orc warrior, an orc priest and 4 orcs.

Vanquished Creatures
  Edmund (D:3)
  An acid dragon (D:6)
  A water moccasin (D:6)
  An ice beast (D:5)
  A sky beast (D:5)
  An ogre (D:5)
  A scorpion (D:4)
  A wyvern skeleton (D:6)
  A centaur zombie (D:4)
  An orc priest (D:6)
  2 hounds
  A jelly (D:6)
  Ijyb (D:3)
  3 iguanas
  2 hound skeletons (D:4)
  A hound zombie (D:5)
  4 gnolls
  2 adders
  2 ufetubi
  5 dart slugs (D:1)
  9 orcs
  6 bats
  3 endoplasms
  2 giant cockroaches
  A goblin (D:1)
  7 hobgoblins
  3 jackals (D:1)
  6 kobolds
  5 quokkas
  6 ball pythons
  4 frilled lizards
  3 rats
88 creatures vanquished.

Notes
Turn   | Place    | Note
-------+----------+-------------------------------------------
     0 | D:1      | issech the Troll Monk began the quest for the Orb.
     0 | D:1      | Reached XP level 1. HP: 22/22 MP: 0/0
   143 | D:1      | Reached XP level 2. HP: 29/29 MP: 1/1
   257 | D:1      | Reached skill level 3 in Maces & Flails
   438 | D:1      | Reached XP level 3. HP: 33/36 MP: 2/2
  1363 | D:2      | Found a faded altar of an unknown god.
  2142 | D:3      | Reached XP level 4. HP: 11/44 MP: 3/3
  2189 | D:2      | HP: 1/44 [gnoll (5)]
  2622 | D:3      | Noticed Ijyb
  2628 | D:3      | Noticed a +0 hand axe
  2629 | D:3      | Noticed a +0 hand axe
  2636 | D:3      | Found a hide-covered altar of Uskayaw.
  2727 | D:3      | Killed Ijyb
  2728 | D:3      | Reached skill level 4 in Maces & Flails
  2895 | D:3      | Reached XP level 5. HP: 52/52 MP: 4/4
  3237 | D:4      | Noticed Edmund
  3910 | D:3      | Killed Edmund
  3911 | D:3      | Reached XP level 6. HP: 44/61 MP: 5/5
  4648 | D:5      | Entered Level 5 of the Dungeon
  4675 | D:5      | Noticed a sky beast
  4705 | D:5      | Killed a sky beast
  4706 | D:5      | Reached skill level 5 in Maces & Flails
  4740 | D:5      | Reached XP level 7. HP: 32/68 MP: 6/6
  4993 | D:5      | Found Zin's Purification Station.
  4993 | D:5      | Found a glowing silver altar of Zin.
  5521 | D:6      | Found a large runed translucent door.
  5521 | D:6      | Found a large runed translucent door.
  5581 | D:6      | Reached skill level 6 in Maces & Flails
  5612 | D:6      | Found a large runed translucent door.
  5612 | D:6      | Found a large runed translucent door.
  5617 | D:6      | Noticed a troll
  5618 | D:6      | Noticed a wraith
  5632 | D:6      | Reached XP level 8. HP: 78/78 MP: 7/7
  5703 | D:6      | Killed from afar by an orc priest

Illustrated notes

Levels and vault maps discovered:
D:1:      minmay_arrival_four_loops, layout_basic, minmay_octomino_e4
D:2:      layout_loops_corners, ebering_ecumenical_altar_mist, solitary_fountain
D:3:      layout_loops_ring, dancing_weapons_uskayaw, mrwooster_statue_mirror,
          uniq_ijyb
D:4:      layout_loops_ring, grunt_decor_fettered, uniq_edmund
D:5:      layout_basic, zin_purify, nicolae_concentric_dashed_squares_wild
D:6:      minmay_spotlight, layout_loops_cross, minmay_temple_entry_hall,
          minmay_hollow_rounded_squares, uniq_sigmund, uniq_maggie

Skill      XL: |  1  2  3  4  5  6  7 |
---------------+----------------------+-----
Maces & Flails | 3 4 5 6 |  6.5
Dodging        | 3 4 |  4.6
Fighting       | 3 4 |  4.4
Throwing       | |  0.4
Stealth        | |  1.9

Action                   |  1- 3 |  4- 6 |  7- 9 || total
-------------------------+-------+-------+-------++-------
Melee: Mace              |   133 |    17 |       ||   150
       Punch             |     3 |     5 |     2 ||    10
       Flail             |       |   225 |    89 ||   314
Throw: Stone             |       |     9 |       ||     9
Evoke: Wand              |       |     1 |       ||     1
  Use: Scroll            |       |     2 |       ||     2
 Stab: Sleeping          |     1 |     3 |       ||     4
Armor: Robe              |    66 |    81 |    46 ||   193
Dodge: Dodged            |   124 |   156 |    74 ||   354
